 Dungeon Crawl Stone Soup version 0.20.1-1-g8b1a95d (webtiles) character file.

217 vomix the Chopper (level 5, -9/45 HPs)
             Began as a Minotaur Berserker on Aug 17, 2017.
             Was a Priest of Trog.
             Engulfed by a cloud of flame (25 damage)
             ... on level 4 of the Dungeon.
             The game lasted 00:07:00 (2822 turns).

vomix the Chopper (Minotaur Berserker)              Turns: 2822, Time: 00:07:01

Health: -9/45      AC:  8    Str: 21    XL:     5   Next: 61%
Magic:  4/4        EV: 11    Int:  4    God:    Trog [***...]
Gold:   197        SH:  0    Dex: 11    Spells: 4/4 levels left

rFire    . . .     SeeInvis .   a - +0 hand axe
rCold    . . .     Gourm    .   (no shield)
rNeg     + . .     Faith    .   x - +0 chain mail
rPois    .         Spirit   .   (helmet restricted)
rElec    .         Reflect  .   (no cloak)
rCorr    .         Harm     .   (no gloves)
MR       .....                  (no boots)
Stlth    ..........             (no amulet)
Regen    0.2/turn               i - +3 ring of evasion
MPRegen  0.1/turn               n - ring of positive energy

@: no status effects
A: retaliatory headbutt, horns 2
a: Berserk, Trog's Hand, Burn Spellbooks, Renounce Religion


You were on level 4 of the Dungeon.
You worshipped Trog.
Trog was most pleased with you.
You were not hungry.

You visited 1 branch of the dungeon, and saw 4 of its levels.

You collected 197 gold pieces.

Inventory:

Hand Weapons
 a - a +0 hand axe (weapon)
Armour
 x - a +0 chain mail (worn)
Jewellery
 i - a +3 ring of evasion (left hand)
 n - a ring of positive energy (right hand)
Wands
 t - a wand of iceblast (9/15)
Scrolls
 b - a scroll of amnesia {unknown}
 d - a scroll of blinking {unknown}
 g - 3 scrolls of enchant armour
 j - 4 scrolls of remove curse {unknown}
 k - a scroll of immolation
 l - a scroll of identify
 m - 2 scrolls of noise {unknown}
 s - a scroll of magic mapping {unknown}
 w - a scroll of teleportation {unknown}
Potions
 e - a potion of flight {unknown}
 h - a potion of might {unknown}
 o - 2 potions of mutation
 p - 3 potions of curing
 q - 2 potions of invisibility
 r - a potion of lignification {unknown}
Comestibles
 c - 2 bread rations
 f - 7 chunks of flesh
 u - a meat ration


   Skills:
 - Level 3.6 Fighting
 + Level 7.7 Axes
 - Level 2.4 Armour
 - Level 2.1 Dodging


You had 4 spell levels left.
You didn't know any spells.

Dungeon Overview and Level Annotations

Branches:
Dungeon (4/15)
 Temple: D:4-7

Altars:


Innate Abilities, Weirdness & Mutations

You reflexively headbutt those who attack you in melee.
You have a pair of horns on your head.


Message History

As you read the scroll of identify, it crumbles to dust.
o - 2 potions of mutation
As you read the scroll of identify, it crumbles to dust.
q - 2 potions of invisibility
As you read the scroll of identify, it crumbles to dust.
g - 3 scrolls of enchant armour The ball python bites you but does no damage.
The ball python grabs you. The ball python constricts you.
The ball python bites you but does no damage.
The ball python constricts you.
You slash the ball python!
The ball python explodes!
The fiery explosion engulfs you! Trog accepts your kill.
You are engulfed in blazing flames.
* * * LOW HITPOINT WARNING * * *
Unknown command.
You are engulfed in blazing flames.
Ouch! That really hurt!
You die...

###
#..
#.#
#.####
#§§..
#§§#
#@§#
##.#
.# ##


There were no monsters in sight!

Vanquished Creatures
  Jessica (D:3)
  Terence (D:3)
  7 adders
  An ooze (D:2)
  2 worms
  A dart slug (D:1)
  5 leopard geckos
  4 orcs (D:3)
  2 giant cockroaches (D:3)
  11 goblins
  12 hobgoblins
  4 jackals
  A quokka (D:2)
  2 ball pythons
  9 bats
  3 frilled lizards
  7 kobolds
  9 rats
82 creatures vanquished.

Notes
Turn   | Place    | Note
-------+----------+-------------------------------------------
     0 | D:1      | vomix the Minotaur Berserker began the quest for the Orb.
     0 | D:1      | Reached XP level 1. HP: 19/19 MP: 0/0
   205 | D:1      | Reached skill level 4 in Axes
   212 | D:1      | Reached XP level 2. HP: 26/26 MP: 1/1
   993 | D:2      | Reached skill level 5 in Axes
  1000 | D:2      | Reached XP level 3. HP: 28/31 MP: 2/2
  1160 | D:2      | Reached ** piety under Trog
  1259 | D:2      | Reached XP level 4. HP: 32/39 MP: 3/3
  1300 | D:2      | Reached skill level 6 in Axes
  2043 | D:3      | Reached skill level 7 in Axes
  2043 | D:3      | Reached XP level 5. HP: 31/45 MP: 4/4
  2428 | D:3      | Noticed Terence
  2433 | D:3      | Reached *** piety under Trog
  2436 | D:3      | Killed Terence
  2736 | D:3      | Noticed Jessica
  2746 | D:3      | Killed Jessica
  2822 | D:4      | Engulfed by a cloud of flame

Skill      XL: |  1  2  3  4 |
---------------+-------------+-----
Axes           | 4 5 7 |  7.7
Fighting       | |  3.6
Armour         | |  2.4
Dodging        | |  2.1

Action                   |  1- 3 |  4- 6 || total
-------------------------+-------+-------++-------
Melee: Hand axe          |    61 |    94 ||   155
       Headbutt          |    10 |    14 ||    24
Invok: Burn Spellbooks   |       |     1 ||     1
       Berserk           |       |     2 ||     2
       Trog's Hand       |       |     1 ||     1
  Use: Scroll            |       |     5 ||     5
  Eat: Chunk             |     1 |     7 ||     8
Armor: Leather armour    |    13 |     2 ||    15
       Chain mail        |       |    39 ||    39
       Scale mail        |       |     8 ||     8
Dodge: Dodged            |    32 |    63 ||    95
